 Dungeon Crawl Stone Soup version 0.28.0 (webtiles) character file.

Game seed: 5073967293655490231

153 Deca the Skirmisher (level 5, -1/44 HPs)
             Began as a Palentonga Fighter on Feb 16, 2022.
             Killed by nerve-wracking pain
             ... invoked by Menkaure
              (3 damage)
             ... on level 4 of the Dungeon.
             The game lasted 00:07:20 (2826 turns).

Deca the Skirmisher (Palentonga Fighter)            Turns: 2826, Time: 00:07:21

Health: -1/44      AC: 10    Str: 22    XL:     5   Next: 12%
Magic:  5/5        EV:  4    Int: 10    God:
Gold:   33         SH:  4    Dex:  9    Spells: 4/4 levels left

rFire   . . .      SeeInvis +   m - +4 falchion of Dithmenos's Hatred {flame, rN+ Int+2}
rCold   . . .      Faith    .   c - +0 buckler
rNeg    + . .      Spirit   .   a - +0 plate armour
rPois   .          Reflect  .   (no helmet)
rElec   .          Harm     .   h - +0 cloak
rCorr   .          Rampage  .   (no gloves)
Will    .....                   (no barding)
Stlth   ..........              (no amulet)
HPRegen 0.14/turn               (no ring)
MPRegen 0.09/turn               (no ring)

@: mighty
A: large, rugged brown scales 3, see invisible, deformed body, roll 1, armoured
tail
a: Rolling Charge


You were on level 4 of the Dungeon.
You visited 1 branch of the dungeon, and saw 4 of its levels.

You collected 33 gold pieces.

Inventory:

Hand Weapons
 l - a +1 short sword of draining
 m - the +4 falchion of Dithmenos's Hatred (weapon) {flame, rN+ Int+2}
   (You found it on level 3 of the Dungeon)

   It burns those it strikes, dealing additional fire damage.
   Big, fiery blades are also staple armaments of hydra-hunters.
   Int:       It affects your intelligence (+2).
   rN:        It protects you from negative energy.
Armour
 a - a +0 plate armour (worn)
 c - a +0 buckler (worn)
 h - a +0 cloak (worn)
Jewellery
 n - a ring of willpower
Wands
 o - a wand of iceblast (5)
Scrolls
 e - 3 scrolls of holy word {unknown}
 g - 4 scrolls of identify {unknown}
 k - a scroll of brand weapon {unknown}
Potions
 i - a potion of degeneration {unknown}
 j - a potion of invisibility {unknown}


   Skills:
 + Level 3.9 Fighting
 - Level 2.9(3.0) Short Blades
 + Level 0.8(2.0) Long Blades
 + Level 3.1 Armour
 + Level 3.2 Shields


You had 4 spell levels left.
You didn't know any spells.
Your spell library contained the following spells:

 Spells                   Type           Power      Damage    Failure   Level
 Dazzling Flash           Conj/Hex       0%         N/A       100%        3
 Gell's Gravitas          Tloc           0%         N/A       100%        3
 Ozocubu's Armour         Ice            0%         N/A       100%        3
 Teleport Other           Tloc           0%         N/A       100%        3
 Iskenderun's Mystic Bla  Conj/Tloc      0%         2d3       100%        4
 Metabolic Englaciation   Hex/Ice        0%         N/A       100%        5
 Dispersal                Tloc           0%         N/A       100%        6
 Simulacrum               Ice/Necr       0%         N/A       100%        6
 Starburst                Conj/Fire      0%         6d3       100%        6


Dungeon Overview and Level Annotations

Branches:
Dungeon (4/15)
 Temple: D:4-7

Altars:
Fedhas

Annotations:
D:4 Menkaure


Innate Abilities, Weirdness & Mutations

You are completely covered in rugged brown scales. (AC +3, +7% HP)
You have supernaturally acute eyesight. (SInv)
Armour fits poorly on your strangely shaped body.
You can roll at nearby foes to attack.
You have a long armoured tail.


Message History

The orc hits you but does no damage. The orc barely misses you.
The orc priest hits you but does no damage.
You are too injured to fight recklessly!
You are too confused!
You miss the orc priest.
The orc priest casts a cantrip, but nothing happens.
The orc hits you with a +0 falchion.
* * * LOW HITPOINT WARNING * * *
Menkaure grins.
The orc hits you with a +0 war axe.
* * * LOW HITPOINT WARNING * * *
The orc priest barely misses you. The orc hits you with a +0 falchion.
* * * LOW HITPOINT WARNING * * *
You are too confused!
You hit the orc. You burn the orc.
You kill the orc!
You feel less invigorated.
You feel less confused.
You slash the orc priest! You burn the orc priest.
You kill the orc priest!
You have reached level 5!
As you read the scroll labelled DYNILEA AMEYC, it crumbles to dust.
It is a scroll of amnesia.
You feel forgetful for a moment.
The orc priest invokes the aid of Beogh against you.
Beogh smites you!
* * * LOW HITPOINT WARNING * * *
You block the orc's attack.
Okay, then.
You slash the orc! You burn the orc.
You kill the orc!
You slash Menkaure! You burn Menkaure.
Menkaure is severely damaged.
Menkaure casts a spell at you. Pain shoots through your body!
* * * LOW HITPOINT WARNING * * *
The orc priest casts a cantrip, but nothing happens.
Menkaure points at you and mumbles some strange words.
Pain shoots through your body!
You die...

######
######....#
#...<...#.##.#.#.
#.####..Mo..$....
#.@#.#.#.#.#
#....#.# .#
#.#..#.. #
......###.
###.#.## .# #.#..
. # ## ..


You could see Menkaure (fast) and an orc priest.

Vanquished Creatures
  An orc priest (D:4)
  Terence (D:3)
  4 gnolls (D:2)
  A white imp (D:4)
  2 worms
  A dart slug (D:2)
  3 orcs (D:4)
  An endoplasm (D:3)
  5 goblins
  5 hobgoblins
  4 kobolds
  3 quokkas
  3 ball pythons
  6 bats
  2 frilled lizards
  4 rats
46 creatures vanquished.

Notes
Turn   | Place    | Note
-------+----------+-------------------------------------------
     0 | D:1      | Deca the Palentonga Fighter began the quest for the Orb.
     0 | D:1      | Reached XP level 1. HP: 19/19 MP: 1/1
   299 | D:1      | Reached XP level 2. HP: 25/25 MP: 2/2
   807 | D:2      | Found a faded altar of an unknown god.
  1225 | D:2      | Reached XP level 3. HP: 31/31 MP: 3/3
  1657 | D:2      | Reached XP level 4. HP: 30/37 MP: 4/4
  2076 | D:3      | Noticed Terence
  2082 | D:3      | Killed Terence
  2212 | D:3      | Identified the +4 falchion of Dithmenos's Hatred {flame,
                  | rN+ Int+2}
  2621 | D:3      | Found a blossoming altar of Fedhas.
  2810 | D:4      | Noticed Menkaure
  2824 | D:4      | Reached XP level 5. HP: 18/44 MP: 5/5
  2826 | D:4      | HP: 2/44 [Menkaure/nerve-wracking pain (4)]
  2826 | D:4      | Killed from afar by Menkaure

Illustrated notes

Levels and vault maps discovered:
D:1:      minmay_arrival_diagonal_passages, layout_basic
D:2:      layout_basic, ebering_ecumenical_altar_sacrificial
D:3:      layout_basic, lemuel_coloured_pillars_altar, uniq_terence
D:4:      layout_loops_cross, uniq_menkaure

Skill      XL: |  1  2  3  4 |
---------------+-------------+-----
Shields        | 3 |  3.2
Armour         | 3 |  3.1
Fighting       | |  3.9
Short Blades   | |  2.9
Long Blades    | |  0.8

Action                   |  1- 3 |  4- 6 || total
-------------------------+-------+-------++-------
Melee: Rapier            |    43 |       ||    43
       Short sword       |    43 |    21 ||    64
       Tailslap          |     5 |     3 ||     8
       Falchion          |       |    18 ||    18
  Use: Potion            |     6 |     2 ||     8
       Scroll            |       |     1 ||     1
Armor: Scale mail        |    40 |       ||    40
       Chain mail        |     8 |       ||     8
       Plate armour      |     5 |    26 ||    31
Dodge: Dodged            |    29 |    12 ||    41
Block: Buckler           |    11 |     8 ||    19
